 Dungeon Crawl Stone Soup version 0.27-a0-1280-g9d2d252d84 (console) character file.

Game seed: 8117500463730149047

159 Hector the Chopper (level 5, -5/41 HPs)
             Began as a Formicid Abyssal Knight on June 13, 2021.
             Was a Priest of Lugonu.
             Slain by a black bear (7 damage)
             ... on level 4 of the Dungeon.
             The game lasted 00:13:24 (3938 turns).

Hector the Chopper (Formicid Abyssal Knight)        Turns: 3938, Time: 00:13:25

Health: -5/41      AC:  6    Str: 18    XL:     5   Next: 68%
Magic:  7/7        EV:  9    Int: 11    God:    Lugonu [***...]
Gold:   183        SH:  0    Dex: 10    Spells: 4/4 levels left

rFire    . . .     SeeInvis +   a - +1 hand axe
rCold    + . .     Faith    .   (no shield)
rNeg     . . .     Spirit   .   u - +0 scale mail
rPois    +         Reflect  .   (helmet unavailable)
rElec    .         Harm     .   (no cloak)
rCorr    .         Rampage  .   (no gloves)
Will     .....                  (no boots)
Stlth    ..........             (no amulet)
HPRegen  0.13/turn              C - ring of protection from cold
MPRegen  0.10/turn              P - ring of poison resistance

@: no status effects
A: permanent stasis, dig shafts and tunnels, antennae 3, four strong arms
a: Dig, Shaft Self, Renounce Religion, Depart the Abyss, Bend Space, Banish


You were on level 4 of the Dungeon.
You worshipped Lugonu.
Lugonu was most pleased with you.
You visited 1 branch of the dungeon, and saw 4 of its levels.
You visited the Abyss 1 time.

You collected 183 gold pieces.

Inventory:

Hand Weapons
 a - a +1 hand axe (weapon)
 v - a +2 dagger of venom
Missiles
 e - 38 arrows
 f - 13 bolts
 k - 13 sling bullets
 l - 28 stones
 w - a throwing net
Armour
 b - a +0 leather armour
 u - a +0 scale mail (worn)
Magical Staves
 r - a staff of air
Jewellery
 g - a ring of resist corrosion
 q - a +6 ring of strength
 C - a ring of protection from cold (left hand)
 P - a ring of poison resistance (right hand)
Wands
 i - a wand of acid (6)
Scrolls
 c - 6 scrolls of teleportation {unknown}
 h - 2 scrolls of magic mapping {unknown}
 j - 2 scrolls of identify {unknown}
 o - a scroll of enchant weapon {unknown}
 s - a scroll of immolation {unknown}
 t - a scroll of acquirement {unknown}
 y - a scroll of fog {unknown}
Potions
 d - a potion of heal wounds {unknown}
 m - a potion of flight {unknown}
 n - a potion of haste {unknown}
 p - a potion of degeneration {unknown}
 x - a potion of invisibility {unknown}


   Skills:
 + Level 3.3 Fighting
 * Level 5.0 Axes
 * Level 2.5 Armour
 + Level 1.0 Dodging
 * Level 2.7 Invocations


You had 4 spell levels left.
You didn't know any spells.
Your spell library was empty.

Dungeon Overview and Level Annotations

Branches:
Dungeon (4/15)
 Temple: D:4-7

Altars:
Elyvilon
Fedhas
Trog
Zin

Shops:
D:1 =   D:3 *((=   D:4 *

Annotations:
D:4 1 transporter


Innate Abilities, Weirdness & Mutations

You cannot be hasted, slowed, berserked, paralysed or teleported.
You can dig through walls and to a lower floor.
You have a pair of large antennae on your head. (SInv)
Your four strong arms can wield two-handed weapons with a shield.


Message History

You hit the black bear but do no damage.
The black bear is heavily wounded.
The black bear bites you.
The black bear claws you but does no damage.
The black bear claws you.
You barely miss the black bear.
The black bear is moderately wounded.
The black bear bites you but does no damage.
The black bear claws you but does no damage. x2
You hit the black bear but do no damage.
The black bear is moderately wounded.
The black bear bites you but does no damage.
The black bear claws you.
The black bear claws you but does no damage.
You slash the black bear!
The black bear is severely wounded.
The black bear bites you. The black bear barely misses you.
The black bear claws you but does no damage.
You hit the black bear.
The black bear is almost dead.
The black bear bites you but does no damage.
The black bear claws you.
The black bear claws you but does no damage.
You barely miss the black bear.
The black bear is almost dead.
The black bear goes berserk!
You hit the black bear.
The black bear is almost dead.
The black bear barely misses you.
The black bear claws you but does no damage.
The black bear barely misses you. x2; The black bear claws you.
* * * LOW HITPOINT WARNING * * *
The black bear claws you.
* * * LOW HITPOINT WARNING * * *
You hit the black bear.
The black bear is almost dead.
The black bear misses you. The black bear claws you.
* * * LOW HITPOINT WARNING * * *
The black bear barely misses you. The black bear bites you!
You die...

### ##@# #h##
##########.#############
............)...........
........................
#.#########.########<#######
.
.....h{.....................
o
...####.....########.######.
#{#..# #...........##.#


You could see a black bear (berserk).

Vanquished Creatures
  An orc priest (D:4)
  An orc wizard (D:4)
  An adder (D:4)
  2 worms
  A dart slug (D:2)
  7 orcs
  7 endoplasms
  A giant cockroach (D:2)
  5 hobgoblins
  16 jackals
  2 quokkas (D:1)
  7 ball pythons
  3 bats
  6 frilled lizards
  5 goblins
  4 kobolds
  6 rats
75 creatures vanquished.

Notes
Turn   | Place    | Note
-------+----------+-------------------------------------------
     0 | Abyss:1  | Hector the Formicid Abyssal Knight began the quest for the
                  | Orb.
     0 | Abyss:1  | Reached XP level 1. HP: 18/18 MP: 2/2
    18 | D:1      | Escaped the Abyss
   170 | D:1      | Found Huazo's Jewellery Boutique.
   325 | D:1      | Reached XP level 2. HP: 24/24 MP: 3/3
   402 | D:1      | Reached skill level 3 in Axes
   580 | D:1      | Found a faded altar of an unknown god.
   637 | D:1      | Reached ** piety under Lugonu
   638 | D:1      | Reached XP level 3. HP: 6/29 MP: 4/4
  1833 | D:2      | Reached XP level 4. HP: 35/35 MP: 5/5
  2174 | D:3      | Found Xiebbas's Antique Weapon Shoppe.
  2241 | D:3      | Found Luhoyte's Antique Weapon Emporium.
  2295 | D:3      | Reached skill level 4 in Axes
  2359 | D:3      | Found Vereop's Jewellery Shoppe.
  2463 | D:3      | Reached *** piety under Lugonu
  2906 | D:3      | Found Yhaeta Desa's Assorted Antiques.
  3222 | D:4      | Noticed a black bear
  3448 | D:4      | Found a transporter.
  3518 | D:4      | Reached XP level 5. HP: 35/41 MP: 6/6
  3664 | D:4      | Reached skill level 5 in Axes
  3710 | D:4      | Found a bloodstained altar of Trog.
  3711 | D:4      | Found a white marble altar of Elyvilon.
  3711 | D:4      | Found a blossoming altar of Fedhas.
  3757 | D:4      | Found Zin's Purification Station.
  3758 | D:4      | Found a glowing silver altar of Zin.
  3907 | D:4      | Reached skill level 1 in Dodging
  3938 | D:4      | HP: 2/41 [black bear (3)]
  3938 | D:4      | Slain by a black bear

Illustrated notes

Levels and vault maps discovered:
D:1:      amcnicky_arrival_choice, layout_basic, serial_shops, shop,
          hellmonk_ecumenical_altar_lost_god, grunt_decor_arrowhead,
          chequers_serial_rivers_micro_e, chequers_serial_rivers_small_3,
          minmay_tromino_v4_b
D:2:      layout_rooms
D:3:      layout_basic, serial_shops, nicolae_shop_trees,
          nicolae_shop_temple_entry_statues_fountains, shop, shop,
          serial_bayou_pond_e, corner_web_ring, minmay_tree_intersection
D:4:      gammafunk_steamed_eel, layout_basic, grunt_temple_overflow_open,
          zin_purify, serial_shops, kennysheep_mini, uniq_robin

Skill      XL: |  1  2  3  4  5 |
---------------+----------------+-----
Axes           | 3 4 5 |  5.0
Dodging        | 1 |  1.0
Fighting       | |  3.3
Armour         | |  2.5
Invocations    | |  2.7

Action                   |  1- 3 |  4- 6 || total
-------------------------+-------+-------++-------
Melee: Hand axe          |   108 |   131 ||   239
 Abil: Dig               |     1 |     6 ||     7
Armor: Leather armour    |    31 |    17 ||    48
       Scale mail        |       |    27 ||    27
Dodge: Dodged            |    59 |    72 ||   131

Table legend: (Time is in decaauts)
 A = Elapsed time spent in this place.
 B = Non-inter-level travel time spent in this place.
 C = Inter-level travel time spent in this place.
 D = Time resting spent in this place.
 E = Time spent auto-exploring this place.
 F = Levels seen in this place.
 G = Mean time per level.
                   A        B        C        D        E       F      G
               +--------+--------+--------+--------+--------+-----+--------+
         Total |   3976 |   3628 |    348 |    839 |   1875 |   5 |  795.2 |
       Dungeon |   3958 |   3610 |    348 |    839 |   1868 |   4 |  989.5 |
         Abyss |     18 |     18 |      0 |      0 |      7 |   1 |   18.0 |
               +--------+--------+--------+--------+--------+-----+--------+

Top non-repeatable levels by time:
     D:1: 1557 daAuts
     D:3: 1378 daAuts
     D:2: 608 daAuts
     D:4: 414 daAuts
 Abyss:1: 18 daAuts
